 Dungeon Crawl Stone Soup version 0.30-a0-269-gf0224bf7b6 (webtiles) character file.

Game seed: 5819731796693840340

3509 ragingrage the Grappler (level 9, 0/80 HPs)
             Began as a Troll Fighter on Oct 14, 2022.
             Was an Initiate of Ru.
             Slain by Maggie
             ... wielding a +0 glaive
              (10 damage)
             ... on level 7 of the Dungeon.
             The game lasted 00:06:03 (5896 turns).

ragingrage the Grappler (Troll Fighter)             Turns: 5896, Time: 00:06:03

Health: 0/80       AC:  6    Str: 30    XL:     9   Next: 81%
Magic:  0/8        EV: 12    Int:  4    God:    Ru [......]
Gold:   367        SH:  7    Dex:  9    Spells: 8/8 levels left

rFire   + . .      SeeInvis .      - Unarmed
rCold   . . .      Faith    .    b - +0 kite shield
rNeg    . . .      Spirit   +    y - +2 robe {Will+}
rPois   .          Reflect  .    (helmet restricted)
rElec   .          Harm     .    (no cloak)
rCorr   .          Rampage  .    (gloves unavailable)
Will    +....                    (boots unavailable)
Stlth   +.........               l - amulet of guardian spirit
HPRegen 1.13/turn                h - +4 ring of evasion
MPRegen 0.11/turn                A - ring of protection from fire

@: about to teleport, hasted, very quick
A: large, unfitting armour, claws 3, regeneration 1, shaggy fur 1, tough skin 1
a: Renounce Religion


You were on level 7 of the Dungeon.
You worshipped Ru.
Ru was noncommittal.
You visited 2 branches of the dungeon, and saw 8 of its levels.

You collected 367 gold pieces.

Inventory:

Hand Weapons
 z - a +4 trident of freezing
Missiles
 p - 14 poisoned darts (quivered)
 F - 3 throwing nets
Armour
 b - a +0 kite shield (worn)
 y - a +2 robe of willpower (worn)
Jewellery
 d - a ring of willpower
 h - a +4 ring of evasion (left claw)
 l - an amulet of guardian spirit (around neck)
 w - a ring of willpower
 A - a ring of protection from fire (right claw)
Wands
 s - a wand of flame (30)
 C - a wand of quicksilver (9)
Scrolls
 e - 2 scrolls of magic mapping
 f - 2 scrolls of fear
 g - 3 scrolls of teleportation
 j - 3 scrolls of poison
 k - a scroll of silence {unknown}
 m - a scroll of summoning
 q - a scroll of immolation {unknown}
 r - 2 scrolls of identify
 v - a scroll of blinking {unknown}
 x - 2 scrolls of enchant armour
 B - 4 scrolls of enchant weapon
Potions
 a - 3 potions of lignification {unknown}
 c - a potion of might
 i - 3 potions of haste
 n - 2 potions of resistance {unknown}
 o - 2 potions of mutation {unknown}
 t - 3 potions of heal wounds
 u - 2 potions of brilliance {unknown}
 D - a potion of flight {unknown}
 E - a potion of invisibility {unknown}
 G - a potion of cancellation {unknown}
 H - a potion of berserk rage {unknown}
 J - 2 potions of curing
 K - a potion of degeneration {unknown}


   Skills:
 + Level 2.5 Fighting
 + Level 0.2 Throwing
 + Level 0.2 Armour
 + Level 2.4 Dodging
 + Level 2.7 Shields
 + Level 13.9 Unarmed Combat


You had 8 spell levels left.
You didn't know any spells.
Your spell library contained the following spells:

 Spells                   Type           Power      Damage    Failure   Level
 Ensorcelled Hibernation  Hex/Ice        0%         N/A       91%         2
 Spider Form              Tmut/Pois      0%         N/A       99%         3
 Anguish                  Hex/Necr       0%         N/A       100%        4


Dungeon Overview and Level Annotations

Branches:
Dungeon (7/15)             Temple (1/1) D:7

Altars:
Ashenzari
Cheibriados
Dithmenos
Elyvilon
Fedhas
Gozag
Kikubaaqudgha
Makhleb
Nemelex Xobeh
Okawaru
Qazlal
Ru
Trog
Uskayaw
Vehumet
Wu Jian
Xom
Yredelemnul
Zin
The Shining One

Shops:
D:1 (   D:4 *

Annotations:
D:6 1 runed translucent door, Crazy Yiuf
D:7 Maggie


Innate Abilities, Weirdness & Mutations

You are too large for most types of armour.
You have claws for hands.
Your natural rate of healing is unusually fast.
You are covered in fur. (AC +1)
You have tough skin. (AC +1)


Message History

Okay, then.
Maggie hits you from afar with a +0 glaive!
Maggie gestures at you while chanting. The bolt of fire hits you!!
You claw Maggie!
Maggie is lightly wounded.
Maggie points at you and mumbles some strange words.
The bolt of fire misses you.
You barely miss Maggie.
Maggie is lightly wounded.
Maggie points at you and mumbles some strange words.
The bolt of fire hits you!!
You scratch Maggie.
Maggie is lightly wounded.
Maggie hits you with a +0 glaive.
* * * LOW HITPOINT WARNING * * *
It was a potion of haste.
You feel yourself speed up. Maggie gestures at you while chanting.
The bolt of fire hits you!
* * * LOW HITPOINT WARNING * * *
You're wearing all the rings you can.
Remove which one? (? for menu, Esc to cancel) < or
h - a +4 ring of evasion; > or
d - a ring of willpower You remove your ring of willpower.
A - a ring of protection from fire (right claw) Unknown command.
As you read the scroll of teleportation, it crumbles to dust.
You feel strangely unstable.
Maggie gestures wildly while chanting.
Maggie attempts to bespell you!
You easily resist.
You scratch Maggie but do no damage.
Maggie is lightly wounded.
You scratch Maggie.
Maggie is moderately wounded.
Maggie hits you with a +0 glaive!
* * * LOW HITPOINT WARNING * * *
You mangle Maggie!!
Maggie is severely wounded.
Maggie hits you with a +0 glaive!
You die...

#. .# #.# .###
##.# #..##..#
#.....#
######....#
#........##
#.#####...######
#.# ##@@......
#.## ###......
##.## #####
##.## ##.###
##..# ### #..#
...... #..# ..
... ##..#


You could see Maggie.

Vanquished Creatures
  Sigmund (D:3)
  3 yaks (D:7)
  A water moccasin (D:4)
  An orc warrior (D:6)
  5 ice beasts
  3 black bears
  An ogre (D:5)
  2 centaurs
  2 phantoms
  A bullfrog (D:6)
  A necrophage (D:6)
  A gnoll sergeant (D:4)
  A scorpion (D:5)
  A water moccasin zombie (D:6)
  5 wights (D:6)
  A centaur zombie (D:6)
  A bullfrog zombie (D:6)
  7 hounds
  A human zombie (D:6)
  2 jellies
  3 orc priests
  2 gnoll boudas (D:5)
  Jessica (D:3)
  4 iguanas
  Ijyb (D:3)
  Terence (D:3)
  2 killer bee zombies (D:6)
  A mummy (D:6)
  A howler monkey zombie (D:6)
  7 adders
  13 gnolls
  2 white imps (D:6)
  2 ufetubi
  4 worms
  A dart slug (D:3)
  11 orcs
  9 ball pythons
  5 bats
  7 endoplasms
  A giant cockroach (D:4)
  12 goblins
  7 hobgoblins
  5 jackals
  6 quokkas
  A frilled lizard (D:3)
  7 kobolds
  5 rats
162 creatures vanquished.

Vanquished Creatures (others)
  2 goblins (D:3)
  6 plants (D:5)
8 creatures vanquished.

Grand Total: 170 creatures vanquished

Notes
Turn   | Place    | Note
-------+----------+-------------------------------------------
     0 | D:1      | ragingrage the Troll Fighter began the quest for the Orb.
     0 | D:1      | Reached XP level 1. HP: 22/22 MP: 0/0
    23 | D:1      | Reached XP level 2. HP: 21/29 MP: 1/1
   168 | D:1      | Found Ruodwabla's Weapon Shoppe.
   286 | D:1      | Reached skill level 3 in Unarmed Combat
   700 | D:1      | Found a faded altar of an unknown god.
   949 | D:2      | Found a glowing golden altar of the Shining One.
   975 | D:2      | Reached XP level 3. HP: 36/36 MP: 2/2
  1639 | D:2      | Reached skill level 4 in Unarmed Combat
  1656 | D:2      | Reached XP level 4. HP: 42/44 MP: 3/3
  1934 | D:3      | Noticed Jessica
  1941 | D:3      | Killed Jessica
  1942 | D:3      | Reached skill level 5 in Unarmed Combat
  2087 | D:3      | Reached XP level 5. HP: 50/50 MP: 4/4
  2155 | D:3      | Noticed Sigmund
  2162 | D:3      | Killed Sigmund
  2163 | D:3      | Reached skill level 6 in Unarmed Combat
  2163 | D:3      | Reached XP level 6. HP: 59/59 MP: 5/5
  2413 | D:3      | Noticed Terence
  2424 | D:3      | Killed Terence
  2574 | D:3      | Noticed Ijyb
  2584 | D:3      | Killed Ijyb
  2900 | D:4      | Found a glowing silver altar of Zin.
  2938 | D:4      | Reached skill level 7 in Unarmed Combat
  3032 | D:4      | Found a broken altar of Ashenzari.
  3050 | D:4      | Noticed a water moccasin
  3067 | D:4      | Killed a water moccasin
  3068 | D:4      | Reached XP level 7. HP: 55/66 MP: 3/6
  3112 | D:4      | Found Wyzesapt's Elemental Accessories.
  3275 | D:4      | Found a glowing golden altar of the Shining One.
  3487 | D:5      | Entered Level 5 of the Dungeon
  3495 | D:5      | Reached skill level 8 in Unarmed Combat
  3691 | D:4      | Reached skill level 9 in Unarmed Combat
  3783 | D:5      | Reached XP level 8. HP: 69/74 MP: 5/7
  3861 | D:5      | Reached skill level 10 in Unarmed Combat
  4286 | D:5      | Reached skill level 11 in Unarmed Combat
  4802 | D:6      | Reached skill level 12 in Unarmed Combat
  4802 | D:6      | Reached XP level 9. HP: 72/80 MP: 6/8
  4857 | D:6      | Found a runed translucent door.
  4858 | D:6      | Noticed Crazy Yiuf
  5028 | D:6      | Found a basalt altar of Yredelemnul.
  5227 | D:6      | Reached skill level 13 in Unarmed Combat
  5393 | D:6      | Found a burning altar of Makhleb.
  5393 | D:6      | Noticed a green death
  5639 | D:7      | Found a staircase to the Ecumenical Temple.
  5645 | Temple   | Entered the Ecumenical Temple
  5764 | Temple   | Became a worshipper of Ru the Awakened
  5883 | D:7      | Noticed Maggie
  5896 | D:7      | Slain by Maggie

Illustrated notes

Levels and vault maps discovered:
D:1:      roderic_dead_forest, layout_loops_corners, serial_shops,
          nicolae_shop_bloodbath_and_beyond,
          hellmonk_ecumenical_altar_inner_sanctum
D:2:      minmay_wonky_spiral, layout_basic, basic_altar, st_stairs_6,
          minmay_snake_closets
D:3:      kennysheep_goblin_castle, layout_loops_ring, uniq_sigmund,
          uniq_terence, uniq_jessica
D:4:      layout_loops_cross, mainiacjoe_overflow_boulevard,
          mainiacjoe_overflow_six_doors_small, tso_oasis_becter,
          nicolae_elemental_shop
D:5:      minmay_skewed_foursquare, layout_rooms, nicolae_grassy_gnolls
D:6:      layout_loops_ring, makhleb_altar_promises_db,
          lemuel_mausoleum_altar_yredelemnul, minmay_starry_boxes,
          uniq_crazy_yiuf_cottage
D:7:      layout_layer_cave, nicolae_overflow_crystal_walls,
          minmay_temple_entry_tees, moated_statue, uniq_maggie
Temple:   nicolae_temple_superstar

Skill      XL: |  1  2  3  4  5  6  7  8  9 |
---------------+----------------------------+-----
Unarmed Combat | 3 4 5 6 7 9 12 13 | 13.9
Fighting       | |  2.5
Throwing       | |  0.2
Armour         | |  0.2
Dodging        | |  2.4
Shields        | |  2.7

Action                   |  1- 3 |  4- 6 |  7- 9 || total
-------------------------+-------+-------+-------++-------
Melee: Unarmed           |    85 |   120 |   281 ||   486
  Use: Potion            |       |     1 |     1 ||     2
       Scroll            |       |       |    12 ||    12
 Stab: Sleeping          |       |     2 |       ||     2
Armor: Robe              |    13 |    19 |    48 ||    80
Dodge: Dodged            |    36 |    55 |   131 ||   222
Block: Kite shield       |    24 |    36 |    88 ||   148

Table legend: (Time is in decaauts)
 A = Elapsed time spent in this place.
 B = Non-inter-level travel time spent in this place.
 C = Inter-level travel time spent in this place.
 D = Time resting spent in this place.
 E = Time spent auto-exploring this place.
 F = Levels seen in this place.
 G = Mean time per level.
                   A        B        C        D        E       F      G
               +--------+--------+--------+--------+--------+-----+--------+
         Total |   5882 |   5591 |    291 |    161 |   4325 |   8 |  735.2 |
       Dungeon |   5732 |   5476 |    256 |    161 |   4225 |   7 |  818.9 |
        Temple |    150 |    115 |     35 |      0 |    100 |   1 |  150.0 |
               +--------+--------+--------+--------+--------+-----+--------+

Top non-repeatable levels by time:
     D:6: 1094 daAuts
     D:2: 954 daAuts
     D:3: 937 daAuts
     D:1: 935 daAuts
     D:5: 786 daAuts
     D:4: 782 daAuts
     D:7: 240 daAuts
  Temple: 150 daAuts
